AoeStats
← PrestoBeast4034

MegaRandom

509255177Analyzed
2v2 RM · 5d ago on Sep 26, 2026· 46m 14s· 4 players
Game mode
Random Map
Map size
Medium (4 player)
Population
200
Speed
Normal
Resources
Standard
Victory
Conquest
Starting age
Dark Age
Ending age
Imperial Age
RankedLock teamsTeams togetherTeam positionsShared explorationLock speedFull tech treeHidden civsTurbo modeCheats
Victory
Defeat
🇧🇷 Goths · Brazil
1569
+11
🇧🇷 Teutons · Brazil
1450
+16
🇺🇸 Bulgarians · United States
1473
-14
🇺🇸 Italians · United States
1451
-13
Flash_br
2:39 Loom
11:58 Feudal Age
12:27 Fishing Lines
13:30 Double-Bit Axe
16:02 Forging
18:04 Castle Age
18:46 Gillnets
20:18 Fervor
21:20 Wheelbarrow
21:12 Gold Mining
21:13 Stone Mining
24:11 Fletching
25:04 Bodkin Arrow
25:25 Town Watch
26:40 Sanctity
26:40 Scale Mail Armor
27:59 Iron Casting
29:11 Ballistics
28:57 Squires
29:00 Pikeman
32:31 Imperial Age
31:18 Chain Mail Armor
33:14 Hand Cart
34:24 Blast Furnace
35:29 Chemistry
35:04 Conscription
35:09 Conscription
35:04 Bow Saw
36:20 Bracer
36:18 Horse Collar
37:38 Two-Man Saw
36:39 Man-at-Arms
37:19 Long Swordsman
38:01 Two-Handed Swordsman
38:56 Heavy Plow
39:22 Perfusion
38:59 Champion
39:51 Murder Holes
43:44 Treadmill Crane
44:14 Masonry
44:32 Padded Archer Armor
46:46 Stone Shaft Mining
[cM] fcasalen
7:13 Loom
10:24 Feudal Age
16:03 Castle Age
14:49 Double-Bit Axe
16:46 Bloodlines
20:28 Bow Saw
22:00 Horse Collar
25:18 Wheelbarrow
25:56 Town Watch
26:12 Elite Skirmisher
26:43 Fletching
27:46 Padded Archer Armor
28:25 Gold Mining
28:27 Stone Mining
28:40 Bodkin Arrow
29:13 Ballistics
33:17 Imperial Age
31:38 Leather Archer Armor
34:29 Ring Archer Armor
33:30 Cavalier
34:58 Scale Barding Armor
36:17 Chain Barding Armor
37:07 Forging
38:33 Iron Casting
39:52 Chemistry
39:52 Conscription
39:37 Heavy Plow
44:29 Stone Shaft Mining
45:32 Plate Barding Armor
47:46 Blast Furnace
46:54 Siege Engineers
Camoanimal
8:23 Loom
10:36 Feudal Age
14:47 Castle Age
14:14 Horse Collar
14:23 Double-Bit Axe
14:54 Fletching
15:15 Stone Mining
19:43 Padded Archer Armor
21:32 Bodkin Arrow
24:43 Leather Archer Armor
28:08 Heavy Plow
28:28 Bow Saw
40:00 Imperial Age
37:33 Town Watch
40:34 Elite Genoese Crossbowman
41:24 Bracer
41:58 Ballistics
42:26 Ring Archer Armor
43:14 Two-Man Saw
45:00 Chemistry
46:01 Hoardings
PrestoBeast4034
7:17 Loom
9:45 Feudal Age
10:51 Double-Bit Axe
12:25 Town Watch
20:53 Castle Age
19:08 Horse Collar
20:11 Scale Barding Armor
21:08 Bloodlines
23:41 Fletching
24:45 Forging
25:50 Husbandry
28:00 Devotion
32:10 Wheelbarrow
34:32 Imperial Age
32:29 Squires
34:46 Scale Mail Armor
35:32 Chain Mail Armor
36:31 Conscription
38:02 Plate Mail Armor
38:30 Iron Casting
40:06 Blast Furnace
41:52 Conscription
41:34 Bagains
Connection lost

Rejoining the realm…

Still unreachable

The connection could not be restored.

Session expired

The server has moved on; the page needs a fresh start.